 Dungeon Crawl Stone Soup version 0.24.0-123-gd5b16e6ec5 (webtiles) character file.

Game seed: 7684317370722007481, levelgen mode: deterministic

40 Notrik the Skirmisher (level 3, 0/35 HPs)
             Began as a Hill Orc Berserker on Feb 7, 2020.
             Was a Believer of Trog.
             Succumbed to an adder's poison
             ... on level 1 of the Dungeon.
             The game lasted 00:02:54 (893 turns).

Notrik the Skirmisher (Hill Orc Berserker)           Turns: 893, Time: 00:02:55

Health: 0/35       AC:  3    Str: 20    XL:     3   Next: 50%
Magic:  3/3        EV: 12    Int: 12    God:    Trog [**....]
Gold:   105        SH:  0    Dex: 10    Spells: 2/2 levels left

rFire    . . .     SeeInvis .   a - +0 hand axe
rCold    . . .     Gourm    .   (no shield)
rNeg     . . .     Faith    .   b - +0 animal skin
rPois    .         Spirit   .   d - +0 helmet
rElec    .         Reflect  .   (no cloak)
rCorr    .         Harm     .   (no gloves)
MR       .....                  (no boots)
Stlth    +.........             (no amulet)
HPRegen  0.11/turn              (no ring)
MPRegen  0.08/turn              (no ring)

@: brilliant, lethally poisoned (0 -> -8), very slightly contaminated, invisible
A: no striking features
a: Berserk, Trog's Hand, Renounce Religion


You were on level 1 of the Dungeon.
You worshipped Trog.
Trog was pleased with you.
You were not hungry.

You visited 1 branch of the dungeon, and saw 2 of its levels.

You collected 105 gold pieces.

Inventory:

Hand Weapons
 a - a +0 hand axe (weapon)
Armour
 b - a +0 animal skin (worn)
 d - a +0 helmet (worn)
   (You found it on level 1 of the Dungeon)
 k - a +1 pair of gloves
   (You found it on level 1 of the Dungeon)
Scrolls
 f - a scroll of blinking {unknown}
 h - a scroll of fog {unknown}
 j - a scroll of identify {unknown}
Potions
 c - a potion of brilliance
 i - 2 potions of invisibility
Comestibles
 e - 4 rations {!d}


   Skills:
 * Level 4.9 Fighting
 + Level 4.7 Axes
 - Level 2.1 Armour
 - Level 1.5 Dodging


You had 2 spell levels left.
You didn't know any spells.
Your spell library was empty.

Dungeon Overview and Level Annotations

Branches:
Dungeon (2/15)

Altars:


Message History

You hit the adder. The adder closely misses you. The adder barely misses you.
You closely miss the adder. The adder closely misses you.
You completely miss the adder. The adder bites you.
You are poisoned.
The adder poisons you! The adder barely misses you.
You barely miss the adder.
You feel sick. The adder closely misses you.
You barely miss the adder. The adder bites you.
Unknown command.
You barely miss the adder. You hit the goblin.
You feel sick. The adder bites you.
* * * LOW HITPOINT WARNING * * *
The goblin hits you.
* * * LOW HITPOINT WARNING * * *
The adder closely misses you.
There is a stone staircase leading up here.
You feel sick. The goblin barely misses you. The adder bites you.
* * * LOW HITPOINT WARNING * * *
You are more poisoned.
The adder poisons you!
You climb upwards.
You feel sick.
There is a stone staircase leading down here.
You can't go up here!
You are too injured to fight recklessly!
You are too injured to fight recklessly!
The goblin hits you.
* * * LOW HITPOINT WARNING * * *
The adder bites you but does no damage.
You barely miss the adder. You hit the goblin.
You kill the goblin!
Trog accepts your kill.
You feel sick. The adder closely misses you.
You hit the adder.
You feel sick. The adder barely misses you.
You closely miss the adder. The adder bites you.
* * * LOW HITPOINT WARNING * * *
You are lethally poisoned!
The adder poisons you! The adder bites you.
* * * LOW HITPOINT WARNING * * *
You hit the adder.
* * * LOW HITPOINT WARNING * * *
You feel sick. The adder misses you.
It was a potion of invisibility.
You fade into invisibility!
* * * LOW HITPOINT WARNING * * *
You feel sick. The adder bites you.
* * * LOW HITPOINT WARNING * * *
The adder barely misses you.
You are very lightly contaminated with residual magic.
It was a potion of brilliance.
You feel clever all of a sudden.
You die...

#........# #)....##....#
#........# #.....##....###
##........#############.##....#..
......###.#...................'..
......+...#.###.#######.##....#..
......###.#.# #.#.....#.#######..
..........).# #.#.....#.#########
###.......#####.#.....#...#...###
#............S@.....'.......+..
#......###...†#.)...#.###...##.
########......#.....#.# ######.
#.#.##########.# #. #.####### #.#
######. #..#....# ###.# #...##.
#..+....# #...###...##. #..#....#
#.#.......##. #..#....#
#.###.######.


You could see an adder.

Vanquished Creatures
  An ooze (D:1)
  3 dart slugs
  3 bats
  A giant cockroach (D:1)
  6 goblins
  5 hobgoblins (D:1)
  4 frilled lizards
  6 rats
29 creatures vanquished.

Notes
Turn   | Place    | Note
-------+----------+-------------------------------------------
     0 | D:1      | Notrik the Hill Orc Berserker began the quest for the Orb.
     0 | D:1      | Reached XP level 1. HP: 19/19 MP: 1/1
    93 | D:1      | Reached XP level 2. HP: 22/27 MP: 2/2
   498 | D:1      | Reached XP level 3. HP: 34/34 MP: 3/3
   876 | D:2      | Reached ** piety under Trog
   892 | D:1      | HP: 1/35 [adder (1)]
   893 | D:1      | Succumbed to an adder's poison

Levels and vault maps discovered:
D:1:      lemuel_arrival_behind_the_door_small, layout_basic
D:2:      layout_rooms, nicolae_ru_sacrificial_ziggurat, uniq_sigmund

Skill      XL: |  1 |
---------------+----+-----
Fighting       | 4 |  4.9
Axes           | |  4.7
Armour         | |  2.1
Dodging        | |  1.5

Action                   || total
-------------------------++-------
Melee: Hand axe          ||    94
  Use: Potion            ||     2
 Stab: Sleeping          ||     2
Armor: Animal skin       ||    29
Dodge: Dodged            ||    80
